 Dungeon Crawl Stone Soup version 0.22.0-6-g71bd7aa6b3 (webtiles) character file.

61 Rrauwl the Ducker (level 3, 0/37 HPs)
             Began as a Troll Wanderer on Aug 16, 2018.
             Slain by Sigmund
             ... wielding a +1 scythe of slicing
              (1 damage)
             ... on level 2 of the Dungeon.
             The game lasted 00:02:38 (320 turns).

Rrauwl the Ducker (Troll Wanderer)                   Turns: 320, Time: 00:02:38

Health: 0/37       AC:  5    Str: 19    XL:     3   Next: 83%
Magic:  2/2        EV: 10    Int:  9    God:
Gold:   18         SH:  0    Dex: 10    Spells: 2/2 levels left

rFire    . . .     SeeInvis .   a - +2 shortbow
rCold    . . .     Gourm    +   (shield currently unavailable)
rNeg     . . .     Faith    .   c - +0 robe
rPois    +         Spirit   .   (helmet restricted)
rElec    .         Reflect  .   (no cloak)
rCorr    .         Harm     .   (gloves unavailable)
MR       .....                  (boots unavailable)
Stlth    +.........             (no amulet)
HPRegen  0.52/turn              j - ring of poison resistance
MPRegen  0.08/turn              (no ring)

@: no status effects
A: large, unfitting armour, claws 3, fast metabolism 3, gourmand, regeneration
1, shaggy fur 1, tough skin 2
a: no special abilities


You were on level 2 of the Dungeon.
You were not hungry.

You visited 1 branch of the dungeon, and saw 2 of its levels.

You collected 18 gold pieces.

Inventory:

Hand Weapons
 a - a +2 shortbow (weapon)
 e - a +0 dagger
Missiles
 b - 31 arrows (quivered)
Armour
 c - a +0 robe (worn)
Jewellery
 j - a ring of poison resistance (left claw)
Scrolls
 d - a scroll of teleportation
 g - a scroll of remove curse
 h - a scroll of enchant weapon
Comestibles
 f - 3 rations


   Skills:
 - Level 3.0 Fighting
   Level 1.7 Maces & Flails
 + Level 1.0 Bows
 - Level 3.0 Dodging
 - Level 1.0 Stealth


You had 2 spell levels left.
You didn't know any spells.
Your spell library was empty.

Dungeon Overview and Level Annotations

Branches:
Dungeon (1/15)

Altars:
Gozag

Annotations:
D:2 Sigmund


Innate Abilities, Weirdness & Mutations

You are too large for most types of armour.
You have claws for hands.
Your metabolism is lightning-fast.
You like to eat raw meat.
Your natural rate of healing is unusually fast.
You are covered in fur. (AC +1)
You have very tough skin. (AC +2)


Message History

Press: ? - help, Shift-Dir - straight line, f/p - Sigmund
Aim: Sigmund, wielding a scythe of slicing and wearing a robe (heavily wounded)
You shoot an arrow. The arrow completely misses Sigmund.
Sigmund casts a spell.
Sigmund flickers and vanishes!
Deactivating autopickup; reactivate with Ctrl-A.
Something hits you!
* * * LOW HITPOINT WARNING * * *
x2 You aren't carrying any potions.
You are confused.
You bump into the rock wall.
You bump into the rock wall.
You bump into the rock wall.
Something hits you.
* * * LOW HITPOINT WARNING * * *
x2 You bump into the rock wall.
You bump into the rock wall.
You feel less confused. Something hits you.
* * * LOW HITPOINT WARNING * * *
You die...

.....)................#
#########.###.#.###.###
#...........# ######
####.###†#### .....#
##..###.# .....#
#.#...#.# .....##
#..#..#.#
......#####..#.#.##
.........###..##@.#
##.......##†#..##.##
#.......#...#.##{.#
#.......#.#...###.#
#......###.#.## #(.
#......# ##_## #.(#
#...#### ### #(.. ###.#
##..# #.# ...


There were no monsters in sight!

Vanquished Creatures
  4 adders (D:2)
  An ooze (D:2)
  A worm (D:2)
  A dart slug (D:2)
  A giant cockroach (D:2)
  A goblin (D:2)
  2 hobgoblins (D:2)
  A quokka (D:2)
  2 bats (D:2)
  A frilled lizard (D:1)
  3 kobolds
  3 rats
21 creatures vanquished.

Notes
Turn   | Place    | Note
-------+----------+-------------------------------------------
     0 | D:1      | Rrauwl the Troll Wanderer began the quest for the Orb.
     0 | D:1      | Rrauwl set off with: a +2 shortbow, 29 arrows, a +0 robe, a scroll of teleportation, a +0 dagger, 2 rations
     0 | D:1      | Reached XP level 1. HP: 19/19 MP: 0/0
    69 | D:1      | You fall through a shaft!
    96 | D:2      | Reached XP level 2. HP: 28/28 MP: 1/1
   125 | D:2      | Reached XP level 3. HP: 36/36 MP: 2/2
   262 | D:2      | Found an opulent altar of Gozag.
   304 | D:2      | Noticed Sigmund
   318 | D:2      | HP: 1/37 [something (1)]
   320 | D:2      | Slain by Sigmund

Skill      XL: |  1  2  3 |
---------------+----------+-----
Fighting       | 2 3 |  3.0
Dodging        | 3 |  3.0
Maces & Flails | |  1.7
Bows           | |  1.0
Stealth        | |  1.0

Action                   || total
-------------------------++-------
 Fire: Shortbow          ||    61
  Use: Scroll            ||     3
       Potion            ||     1
Armor: Robe              ||    12
Dodge: Dodged            ||    14
